 Dungeon Sprint DCSS version 0.26-b1-32-g5d43845318 (webtiles) character file.

Game seed: 5925026913068074843

3000000 theswoord the Conqueror (level 20, -22/197 HPs)
             Began as a Demonspawn Gladiator on Jan 11, 2021.
             Was a High Priest of Makhleb.
             Annihilated by The Servant
             ... wielding a +9 glaive of flaming
              (147 damage)
             ... in the Dungeon (Sprint VIII: "Arena of Blood").
             The game lasted 00:03:53 (30 turns).

theswoord the Conqueror (Demonspawn Gladiator)        Turns: 30, Time: 00:03:55

Health: -22/197    AC:  6    Str: 14    XL:     20   Next: 28%
Magic:  37/40      EV: 43    Int: 11    God:    Makhleb [*****.]
Gold:   0          SH:  0    Dex: 29    Spells: 51/51 levels left

rFire    + . .     SeeInvis .   j - +∞ Axe of Woe
rCold    . . .     Faith    .   (shield currently unavailable)
rNeg     . . .     Spirit   .   a - +0 leather armour
rPois    .         Reflect  .   (helmet restricted)
rElec    .         Harm     .   (no cloak)
rCorr    .         Rampage  .   (no gloves)
Will     +....     NoTele   +   (no boots) Stlth ***+++++++
                                (no amulet)
HPRegen  0.42/turn              (no ring)
MPRegen  0.27/turn              (no ring)

@: mighty, agile, hasted (expiring), very quick
A: horns 2, thin skeletal structure 3, fire resistance 1, foul stench 2, powered
by pain 1, miasma immunity
a: Renounce Religion, Minor Destruction, Lesser Servant of Makhleb, Major
Destruction, Greater Servant of Makhleb


You were in the Dungeon.
You worshipped Makhleb.
Makhleb was extremely pleased with you.
You visited 1 branch

Inventory:

Hand Weapons
 j - the +∞ Axe of Woe (weapon)
   (You found it in the Dungeon)
Missiles
 c - 3 throwing nets (quivered)
Armour
 a - a +0 leather armour (worn)
 b - a +0 helmet
Scrolls
 i - a scroll of blinking
Potions
 d - a potion of curing
 e - a potion of heal wounds
 g - 2 potions of magic
 h - a potion of berserk rage


   Skills:
 O Level 27 Fighting
 + Level 16.1 Axes
 + Level 16.1(18.6) Slings
 + Level 16.2(18.7) Throwing
 O Level 27 Armour
 O Level 27 Dodging
 O Level 27 Stealth
 + Level 16.3 Unarmed Combat
 + Level 16.1 Spellcasting
 O Level 27 Invocations


You had 51 spell levels left.
You didn't know any spells.
Your spell library was empty.

Dungeon Overview and Level Annotations

Branches:
Dungeon (1/1)

Altars:
Makhleb

Annotations:
D The Servant


Innate Abilities, Weirdness & Mutations

You have a pair of horns on your head.
You have an unnaturally thin skeletal structure. (Dex +6, Stealth++)
Your flesh is heat resistant. (rF+)
You frequently emit foul miasma when damaged in melee.
You sometimes gain a little power by taking damage.
You are immune to miasma.


Message History

You hear a shout! x5
The meat berserker is engulfed in blazing flames.
The meat berserker hits you with a +9 battleaxe!!!
You focus on the pain.
You feel your power returning.
The meat berserker looks sick.
Your Axes skill gained 2 levels and is now at level 16!
Your base Slings skill gained 2 levels and is now at level 16!
Your base Throwing skill gained 2 levels and is now at level 16!
Your Unarmed Combat skill gained 2 levels and is now at level 16!
Your Spellcasting skill gained 2 levels and is now at level 16!
You have reached level 20!
You feel agile.
The destroyer appears out of thin air!
A destroyer comes into view. It is wielding a +9 vorpal great sword.
You hear a shout! x4
The meat berserker is engulfed in blazing flames.
You hear a shout! x2
The Servant hits you with a +9 glaive of flaming!!!!!
Ouch! That really hurt!
You die...

......... ....
#.......# .....
#.......# ..o..
.###.....).###..o..
......###)Oo..o....
......_).§§o.V....
..#..).)#O§.....#
#_.<)_#O§......
#.....#@.....#.
......_..@........
......###.....O...#
.###.. ....###ooO..
#.......# .O...
#.......# .o.o.
......... ...o
..V.... O..


You could see The Servant, 2 destroyers, 2 large bags of meat, 5 meat berserkers
and 10 bags of meat.

Vanquished Creatures
  A vampire knight (D)
  6 ogres (D)
  A two-headed ogre (D)
  10 orcs (D)
18 creatures vanquished.

Notes
Turn   | Place    | Note
-------+----------+-------------------------------------------
     0 | D        | Found the +∞ Axe of Woe
     0 | D        | theswoord the Demonspawn Gladiator began the quest for the
                  | Orb.
     0 | D        | Reached XP level 1. HP: 16/16 MP: 1/1
     2 | D        | Noticed a bag of meat
     4 | D        | Became a worshipper of Makhleb the Destroyer
     5 | D        | Noticed a bag of meat
     6 | D        | Noticed a bag of meat
     7 | D        | Noticed a meat berserker
     7 | D        | Noticed a meat berserker
     8 | D        | Killed a bag of meat
     8 | D        | Noticed a meat berserker
     9 | D        | Reached skill level 15 in Armour
     9 | D        | Reached skill level 15 in Dodging
     9 | D        | Gained mutation: You have a somewhat thin skeletal
                  | structure. (Dex +2, Stealth) [demonic ancestry]
     9 | D        | Reached XP level 2. HP: 46/46 MP: 2/2
     9 | D        | Reached XP level 3. HP: 52/52 MP: 3/3
     9 | D        | Reached XP level 4. HP: 59/59 MP: 4/4
     9 | D        | Reached XP level 5. HP: 65/65 MP: 5/5
     9 | D        | Gained mutation: You have a moderately thin skeletal
                  | structure. (Dex +4, Stealth+) [demonic ancestry]
     9 | D        | Reached XP level 6. HP: 73/73 MP: 6/6
     9 | D        | Reached XP level 7. HP: 79/79 MP: 7/7
     9 | D        | Gained mutation: You sometimes gain a little power by
                  | taking damage. [demonic ancestry]
     9 | D        | Reached XP level 8. HP: 86/86 MP: 8/8
     9 | D        | Reached XP level 9. HP: 92/92 MP: 9/9
     9 | D        | Reached XP level 10. HP: 99/99 MP: 10/10
     9 | D        | Reached XP level 11. HP: 105/105 MP: 11/11
     9 | D        | Killed a bag of meat
     9 | D        | Reached * piety under Makhleb
     9 | D        | Killed a bag of meat
    10 | D        | Gained mutation: You have a pair of small horns on your
                  | head. [demonic ancestry]
    10 | D        | Reached XP level 12. HP: 70/122 MP: 12/12
    10 | D        | Gained mutation: You are immune to miasma. [demonic
                  | ancestry]
    10 | D        | Reached XP level 13. HP: 73/128 MP: 13/13
    10 | D        | Killed a meat berserker
    10 | D        | Noticed a bag of meat
    11 | D        | Gained mutation: You may emit foul miasma when damaged in
                  | melee. [demonic ancestry]
    11 | D        | Reached XP level 14. HP: 81/141 MP: 14/14
    11 | D        | Killed a meat berserker
    11 | D        | Reached ** piety under Makhleb
    12 | D        | Gained mutation: You have an unnaturally thin skeletal
                  | structure. (Dex +6, Stealth++) [demonic ancestry]
    12 | D        | Reached XP level 15. HP: 22/153 MP: 15/15
    12 | D        | Killed a meat berserker
    13 | D        | Gained mutation: You have a pair of horns on your head.
                  | [demonic ancestry]
    13 | D        | Reached XP level 16. HP: 83/165 MP: 16/16
    16 | D        | Reached skill level 27 in Fighting
    16 | D        | Reached *** piety under Makhleb
    18 | D        | Reached skill level 10 in Stealth
    18 | D        | Reached XP level 17. HP: 174/174 MP: 16/26
    18 | D        | Noticed a meat berserker
    19 | D        | Reached skill level 15 in Invocations
    19 | D        | Noticed a destroyer
    19 | D        | Noticed a large bag of meat
    19 | D        | Reached **** piety under Makhleb
    20 | D        | Reached skill level 27 in Armour
    20 | D        | Reached skill level 27 in Dodging
    20 | D        | Reached skill level 15 in Stealth
    21 | D        | Noticed a meat berserker
    22 | D        | Noticed a meat berserker
    22 | D        | Noticed a meat berserker
    23 | D        | Noticed a large bag of meat
    23 | D        | Killed a meat berserker
    23 | D        | Killed a destroyer
    24 | D        | Reached skill level 27 in Stealth
    24 | D        | Reached skill level 27 in Invocations
    24 | D        | Reached skill level 5 in Axes
    24 | D        | Reached skill level 5 in Slings
    24 | D        | Reached skill level 5 in Throwing
    24 | D        | Reached skill level 5 in Spellcasting
    24 | D        | Gained mutation: Your flesh is heat resistant. (rF+)
                  | [demonic ancestry]
    24 | D        | Reached XP level 18. HP: 182/182 MP: 30/35
    24 | D        | Noticed a destroyer
    24 | D        | Noticed a meat berserker
    26 | D        | Noticed a large bag of meat
    26 | D        | Noticed a meat berserker
    27 | D        | Killed a meat berserker
    27 | D        | Reached ***** piety under Makhleb
    28 | D        | Gained mutation: You frequently emit foul miasma when
                  | damaged in melee. [demonic ancestry]
    28 | D        | Reached XP level 19. HP: 138/189 MP: 30/36
    28 | D        | Killed a meat berserker
    28 | D        | Noticed a meat berserker
    28 | D        | Noticed a meat berserker
    29 | D        | Killed a large bag of meat
    29 | D        | Noticed The Servant
    30 | D        | Reached XP level 20. HP: 125/197 MP: 37/40
    30 | D        | Annihilated by The Servant

Skill      XL: |  1  2  3  4  5  6  7  8  9 10 11 12 13 14 15 16 17 18 19 |
---------------+----------------------------------------------------------+-----
Fighting       | 16 20 22 24 26 27 | 27.0
Armour         | 15 18 21 23 24 26 27 | 27.0
Dodging        | 15 19 21 23 24 26 27 | 27.0
Stealth        | 10 27 | 27.0
Invocations    | 13 27 | 27.0
Axes           | 5 11 16 | 16.1
Slings         | 5 11 16 | 16.1
Throwing       | 5 12 16 | 16.2
Unarmed Combat | 6 12 16 | 16.3
Spellcasting   | 5 11 16 | 16.1

Action                   |  1- 3 |  4- 6 |  7- 9 | 10-12 | 13-15 | 16-18 | 19-21 || total
-------------------------+-------+-------+-------+-------+-------+-------+-------++-------
Melee: Executioner's axe |     1 |       |       |     1 |     3 |     7 |     2 ||    14
  Use: Potion            |     1 |       |       |       |       |       |       ||     1

Levels and vault maps discovered:
D:        meatsprint
